 Dungeon Crawl Stone Soup version 0.30.1-9-gdf580d7c3d (webtiles) character file.

Game seed: 2662497528349834498

13164 monsoonserge the Geomancer (level 12, -3/69 HPs)
             Began as a Gargoyle Earth Elementalist on Oct 5, 2023.
             Was a Priest of Vehumet.
             Slain by a two-headed ogre
             ... wielding a +1 great mace of flaming
              (6 damage)
             ... in a volcano.
             The game lasted 00:48:12 (11190 turns).

monsoonserge the Geomancer (GrEE)                  Turns: 11190, Time: 00:48:14

Health: -3/69      AC: 24    Str: 11    XL:     12   Next: 3%
Magic:  11/26      EV: 16    Int: 31    God:    Vehumet [***...]
Gold:   1209       SH:  0    Dex: 10    Spells: 9/17 levels left

rFire   . . .        I - +3 sling "Uxticwou" {freeze, Drain rElec rN++}
rCold   + . .        (no shield)
rNeg    + + +        m - +3 ring mail of Gehenna {rC+ Int+4}
rPois   ∞            j - +3 hat of Pondering {ponderous, Will+ MP+10 Int+5}
rElec   +            s - +2 cloak of the Thief {*Fog Slay-2 SInv Stlth+}
rCorr   .            (no gloves)
SInv    +            (no boots)
Will    +....        (no amulet)
Stlth   +++          W - +5 ring of evasion
HPRegen 0.31/turn    (no ring)
MPRegen 0.20/turn

%: no passive effects
@: hasted, very quick
A: sickness immunity, AC +8, negative energy resistance 1, electricity
resistance, torment resistance 1, petrification resistance
a: Renounce Religion


You were in a volcano.
You worshipped Vehumet.
Vehumet was most pleased with you.
You visited 3 branches of the dungeon, and saw 13 of its levels.
You also visited: Sewer and Volcano.

You collected 1737 gold pieces.
You spent 528 gold pieces at shops.

Inventory:

Hand Weapons
 I - the +3 sling "Uxticwou" (weapon) {freeze, Drain rElec rN++}
   (You found it on level 5 of the Dungeon)

   rElec:     It insulates you from electricity.
   rN:        It greatly protects you from negative energy.
   Drain:     It drains your maximum health when unequipped.
 O - a +2 flail of draining
 P - a +0 heavy trident
 Y - a +0 war axe of freezing
Missiles
 k - 12 boomerangs
 u - 5 atropa-tipped darts
 y - 6 datura-tipped darts
 G - 2 silver boomerangs
 L - 10 poisoned darts
 U - a throwing net
Armour
 j - the +3 hat of Pondering (worn) {ponderous, Will+ MP+10 Int+5}
   (You acquired it on level 7 of the Dungeon)

   Int:       It affects your intelligence (+5).
   MP:        It affects your magic capacity (+10).
   Will:      It increases your willpower.
 m - the +3 ring mail of Gehenna (worn) {rC+ Int+4}
   (You found it on level 7 of the Dungeon)

   Int:       It affects your intelligence (+4).
   rC:        It protects you from cold.
 s - the +2 cloak of the Thief (worn) {*Fog Slay-2 SInv Stlth+}
   (You found it in a sewer)

   *Fog:      It may release a thick cloud of smoke when the wearer is hurt.
   Slay:      It affects your accuracy & damage with ranged weapons and melee
   (-2).
   SInv:      It lets you see invisible.
   Stlth:     It makes you more stealthy.
Jewellery
 W - a +5 ring of evasion (left hand)
Wands
 h - a wand of polymorph (11)
 t - a wand of roots (13)
 B - a wand of flame (11)
 K - a wand of paralysis (5)
 N - a wand of mindburst (9)
Scrolls
 c - 3 scrolls of silence {unknown}
 d - a scroll of torment {unknown}
 e - 4 scrolls of amnesia {unknown}
 i - a scroll of immolation {unknown}
 p - 2 scrolls of blinking
 w - 5 scrolls of vulnerability
 M - 4 scrolls of fog {unknown}
 S - a scroll of butterflies
 T - a scroll of enchant armour {unknown}
 V - 2 scrolls of teleportation
 Z - a scroll of enchant weapon {unknown}
Potions
 a - 2 potions of might
 b - 3 potions of magic
 g - a potion of haste
 n - 3 potions of flight
 o - 3 potions of heal wounds
 q - 5 potions of curing {unknown}
 r - 3 potions of lignification
 z - a potion of berserk rage {unknown}
 A - 4 potions of attraction
 C - a potion of resistance {unknown}
 D - 2 potions of mutation {unknown}
 F - 2 potions of cancellation {unknown}
 H - a potion of brilliance {unknown}
Miscellaneous
 Q - a condenser vane


   Skills:
 + Level 5.8 Fighting
 - Level 0.3 Maces & Flails
 + Level 9.8 Ranged Weapons
 + Level 7.3 Armour
 + Level 4.7 Dodging
 + Level 3.8 Stealth
 - Level 3.0 Spellcasting
 - Level 6.0 Conjurations
 - Level 2.0 Transmutations
 - Level 12.0 Earth Magic
 - Level 4.0 Evocations


You had 9 spell levels left.
You knew the following spells:

 Your Spells              Type           Power      Damage    Failure   Level
a - Sandblast             Erth           100%       2d20      1%          1
b - Stone Arrow           Conj/Erth      100%       3d13      1%          3
c - Petrify               Tmut/Erth      48%        N/A       8%          4

Your spell library contained the following spells:

 Spells                   Type           Power      Damage    Failure   Level
 Mephitic Cloud           Conj/Pois/Air  17%        N/A       5%          3
 Passwall                 Tmut/Erth      40%        N/A       1%          2
 Frozen Ramparts          Ice            8%         1d2       11%         3
 Ice Form                 Ice/Tmut       10%        N/A       67%         4
 Summon Ice Beast         Ice/Summ       4%         N/A       80%         4


Dungeon Overview and Level Annotations

Branches:
Dungeon (10/15)            Temple (1/1) D:4            Lair (2/5) D:8
    Orc (0/2) D:10          Sewer (visited)         Volcano (1/1)
  Swamp: Lair:2-3    Shoals: Lair:2-3     Snake: Lair:2-3    Spider: Lair:2-3

Altars:
Ashenzari
Cheibriados
Dithmenos
Elyvilon
Fedhas
Gozag
Hepliaklqana
Kikubaaqudgha
Makhleb
Nemelex Xobeh
Okawaru
Qazlal
Ru
Sif Muna
Trog
Uskayaw
Vehumet
Wu Jian
Xom
Yredelemnul
Zin
The Shining One

Shops:
D:8 *

Annotations:
D:8 3 runed translucent doors, eliilek's ghost, novice MiFi
D:9 2 transporters


Innate Abilities, Weirdness & Mutations

You are immune to sickness and miasma.
Your stone body is resilient. (AC +8)
You are immune to poison.
You resist negative energy. (rN+)
You are resistant to electric shocks. (rElec)
You are resistant to unholy torment.
You are immune to petrification.


Message History

Vehumet accepts your kill.
You feel your power returning.
Casting: Stone Arrow (safe; 1% risk of failure)
Confirm with . or Enter, or press ? or * to list all spells.
Aiming: Stone Arrow (safe; 1% risk of failure)
Press: ? - help, Shift-Dir - straight line, f - two-headed ogre, p - lava snake
Aim: a two-headed ogre, wielding a +1 great mace of flaming and a +2 great mace of flaming (fast, 89% to hit)
The stone arrow hits the ogre mage!
The ogre mage is heavily wounded.
The ogre mage hits you with a +1 whip of flaming.
The ogre mage burns you.
* * * LOW HITPOINT WARNING * * *
Casting: Stone Arrow (safe; 1% risk of failure)
Confirm with . or Enter, or press ? or * to list all spells.
Aiming: Stone Arrow (safe; 1% risk of failure)
Press: ? - help, Shift-Dir - straight line, f/p - two-headed ogre
Aim: a two-headed ogre, wielding a +1 great mace of flaming and a +2 great mace of flaming (fast, 89% to hit)
The stone arrow hits the ogre mage!
The ogre mage is almost dead.
The ogre mage gestures at you while chanting.
The bolt of magma misses you.
Casting: Stone Arrow (safe; 1% risk of failure)
Confirm with . or Enter, or press ? or * to list all spells.
Aiming: Stone Arrow (safe; 1% risk of failure)
Press: ? - help, Shift-Dir - straight line, f/p - two-headed ogre
Aim: a two-headed ogre, wielding a +1 great mace of flaming and a +2 great mace of flaming (fast, 89% to hit)
The stone arrow hits the ogre mage!
You kill the ogre mage!
Vehumet accepts your kill.
You feel your power returning. The two-headed ogre closely misses you.
The two-headed ogre hits you but does no damage.
You have reached level 12!
You feel clever.
You feel yourself speed up.
The air gets thick with the scent of sulphur.
The two-headed ogre barely misses you.
The two-headed ogre hits you with a +2 great mace of flaming!!
* * * LOW HITPOINT WARNING * * *
The two-headed ogre burns you.
You die...

#....#.###.##
###..### #.#
#### #.# ####
#.####..##
##.#..##.##
##.#####.#
≈.#8#####8≈#.#
.S...dbO###.##
≈.#8####@##.#
#.###.##
##..##.#
#8≈##..## ###
####


You could see a red draconian, a two-headed ogre (fast), a fire bat and a lava
snake.

Vanquished Creatures
  An ogre mage (Volcano)
  3 two-headed ogres
  2 black mambas (Lair:1)
  Joseph (D:10)
  3 cane toads (Lair:1)
  Maggie (D:9)
  A kobold demonologist (D:9)
  A rime drake (Lair:2)
  A troll (D:10)
  8 fire bats (Volcano)
  4 wyverns
  2 wraiths
  7 yaks
  Grum (D:9)
  A steam dragon (D:8)
  An acid dragon (D:8)
  6 water moccasins
  An ice beast (D:8)
  A sky beast (D:7)
  4 orc warriors
  2 black bears
  2 wolves (D:9)
  2 centaurs
  4 bullfrogs
  Blork the orc (D:4)
  7 scorpions
  5 wights
  4 killer bees
  5 electric eels
  3 howler monkeys
  5 lava snakes (Volcano)
  7 orc priests
  6 hounds
  A jelly (D:9)
  2 gnoll boudas (D:8)
  A sleepcap (D:5)
  Ijyb (D:3)
  3 iguanas
  11 orc wizards
  8 gnolls
  18 adders
  2 shadow imps
  4 white imps
  2 worms (D:3)
  2 dart slugs
  42 orcs
  6 bats
  18 endoplasms
  14 giant cockroaches
  9 goblins
  6 hobgoblins
  4 jackals (D:4)
  7 quokkas
  11 ball pythons
  15 frilled lizards
  6 kobolds
  3 rats
  A butterfly (Lair:1)
300 creatures vanquished.

Notes
Turn   | Place    | Note
-------+----------+-------------------------------------------
     0 | D:1      | monsoonserge the Gargoyle Earth Elementalist began the
                  | quest for the Orb.
     0 | D:1      | Reached XP level 1. HP: 10/10 MP: 3/3
   171 | D:1      | Reached skill level 4 in Earth Magic
   171 | D:1      | Reached XP level 2. HP: 10/15 MP: 0/5
   502 | D:1      | Reached XP level 3. HP: 18/19 MP: 3/6
  1353 | D:2      | Learned a level 3 spell: Stone Arrow
  1401 | D:2      | Reached skill level 1 in Armour
  1531 | D:2      | Reached skill level 1 in Conjurations
  1533 | D:2      | Reached skill level 5 in Earth Magic
  1533 | D:2      | Reached XP level 4. HP: 24/24 MP: 2/7
  2007 | D:3      | Found a glowing drain.
  2075 | Sewer    | Entered a sewer
  2183 | Sewer    | Reached XP level 5. HP: 28/28 MP: 5/8
  2572 | Sewer    | Found the +2 cloak of the Thief {*Fog Slay-2 SInv Stlth+}
  2580 | Sewer    | Reached skill level 6 in Earth Magic
  2580 | Sewer    | Reached XP level 6. HP: 17/32 MP: 3/9
  2797 | D:3      | Noticed Ijyb
  2803 | D:3      | Killed Ijyb
  2968 | D:3      | Found a sparkling altar of Nemelex Xobeh.
  3333 | D:4      | Reached XP level 7. HP: 36/36 MP: 6/11
  3394 | D:4      | Reached skill level 7 in Earth Magic
  3510 | D:4      | Found a staircase to the Ecumenical Temple.
  3519 | Temple   | Entered the Ecumenical Temple
  3831 | D:4      | Noticed Blork the orc
  3838 | D:4      | Killed Blork the orc
  4486 | D:5      | Entered Level 5 of the Dungeon
  4565 | D:5      | Reached skill level 8 in Earth Magic
  4682 | D:5      | Identified the +3 sling "Uxticwou" {freeze, Drain rElec
                  | rN++}
  4709 | D:5      | Reached XP level 8. HP: 41/41 MP: 9/12
  4806 | D:5      | Found a bloodstained altar of Trog.
  4992 | D:5      | Reached skill level 9 in Earth Magic
  5490 | D:6      | Found a radiant altar of Vehumet.
  5498 | D:6      | Became a worshipper of Vehumet
  5596 | D:6      | Reached skill level 1 in Ranged Weapons
  5629 | D:6      | Reached skill level 1 in Fighting
  5629 | D:6      | Reached skill level 10 in Earth Magic
  5882 | D:6      | Reached XP level 9. HP: 47/47 MP: 5/13
  6589 | D:7      | Reached skill level 5 in Conjurations
  6589 | D:7      | Reached skill level 11 in Earth Magic
  6675 | D:7      | Identified 2 scrolls of acquirement
  6677 | D:7      | Acquired the +3 hat of Pondering {ponderous, Will+ MP+10
                  | Int+5}
  6677 | D:7      | Found the +3 hat of Pondering {ponderous, Will+ MP+10
                  | Int+5}
  6690 | D:7      | Acquired 1010 gold pieces
  6789 | D:7      | Learned a level 4 spell: Petrify
  6897 | D:7      | Found a broken altar of Ashenzari.
  6992 | D:7      | Reached skill level 1 in Transmutations
  7053 | D:7      | Reached skill level 1 in Evocations
  7132 | D:7      | Identified the +3 ring mail of Gehenna {rC+ Int+4}
  7370 | D:8      | Noticed eliilek's ghost (novice MiFi)
  7370 | D:8      | Noticed a death knight
  7381 | D:8      | Found a runed translucent gate.
  7381 | D:8      | Found a runed translucent gate.
  7384 | D:8      | Found a runed translucent gate.
  7488 | D:8      | Found Vuga's General Store.
  7492 | D:8      | Reached * piety under Vehumet
  7492 | D:8      | Offered knowledge of Shock by Vehumet.
  7577 | D:8      | Bought a condenser vane for 480 gold pieces
  7577 | D:8      | Bought a scroll of butterflies for 48 gold pieces
  7811 | D:8      | Found a staircase to the Lair.
  8065 | D:8      | Noticed a six-headed hydra
  8066 | D:8      | Noticed a kobold demonologist
  8068 | D:8      | Noticed a centaur warrior
  8103 | D:9      | Noticed a kobold demonologist
  8108 | D:9      | Killed a kobold demonologist
  8109 | D:9      | Reached skill level 12 in Earth Magic
  8109 | D:9      | Reached XP level 10. HP: 53/53 MP: 14/14
  8297 | D:9      | Noticed a white ugly thing
  8297 | D:9      | Noticed a wizard
  8339 | D:9      | Found a hazy altar of Hepliaklqana.
  8340 | D:9      | Noticed Maggie
  8347 | D:9      | Killed Maggie
  8348 | D:9      | Reached skill level 5 in Ranged Weapons
  8348 | D:9      | Reached skill level 5 in Armour
  8542 | D:9      | Noticed Grum
  8552 | D:9      | Killed Grum
  8569 | D:9      | Noticed a two-headed ogre
  8580 | D:9      | Killed a two-headed ogre
  8763 | D:8      | Reached ** piety under Vehumet
  8763 | D:8      | Offered knowledge of Static Discharge by Vehumet.
  8895 | D:9      | Found a transporter.
  8898 | D:9      | Found an iron altar of Okawaru.
  8982 | D:9      | Found a transporter.
  8984 | D:9      | Identified the +6 short sword of Evisceration {freeze, rN+
                  | MP+9 Str+8 Stlth-}
  9496 | D:10     | Entered Level 10 of the Dungeon
  9540 | D:10     | Noticed Joseph
  9549 | D:10     | Killed Joseph
  9550 | D:10     | Reached XP level 11. HP: 58/60 MP: 15/15
  9647 | D:10     | Offered knowledge of Mephitic Cloud by Vehumet.
  9665 | D:10     | Found a staircase to the Orcish Mines.
  9928 | Lair:1   | Entered Level 1 of the Lair of Beasts
 10957 | Lair:2   | Found a dark tunnel.
 10974 | Volcano  | Entered a volcano
 11006 | Volcano  | Reached skill level 5 in Fighting
 11036 | Volcano  | Reached *** piety under Vehumet
 11155 | Volcano  | Noticed a two-headed ogre
 11155 | Volcano  | Noticed a two-headed ogre
 11157 | Volcano  | Noticed a two-headed ogre
 11158 | Volcano  | Noticed an ogre mage
 11163 | Volcano  | Noticed a red draconian
 11165 | Volcano  | Killed a two-headed ogre
 11169 | Volcano  | Killed a two-headed ogre
 11189 | Volcano  | Killed an ogre mage
 11190 | Volcano  | Reached XP level 12. HP: 21/69 MP: 11/16
 11190 | Volcano  | HP: 3/69 [two-headed ogre/+1 great mace of flaming (18)]
 11190 | Volcano  | Slain by a two-headed ogre

Illustrated notes

Levels and vault maps discovered:
D:1:      psy_arrival_basics, layout_basic
D:2:      layout_loops_ring, serial_aquarium, aquarium_bridge_square
          [aquarium_subvault_bridge, aquarium_subvault_wall,
          aquarium_subvault_bridge, aquarium_subvault_bridge],
          aquarium_bridge_island_small [aquarium_subvault_small_open,
          aquarium_subvault_bridge, aquarium_subvault_bridge,
          aquarium_subvault_balcony, aquarium_subvault_bridge],
          aquarium_window_2, aquarium_window_corridor_2, aquarium_window_1,
          aquarium_window_1, aquarium_view_2b, aquarium_view_2b,
          aquarium_balcony_5b, grunt_decor_cap, nicolae_half_adder
D:3:      layout_basic, old_standard_altar, gup_sewer_entry_bubbles,
          kennysheep_generic_room_13, uniq_ijyb
D:4:      layout_cave_pods, minmay_temple_entry_trees, uniq_blork_the_orc
D:5:      layout_basic, trog_antimagical
D:6:      layout_loops_ring, mainiacjoe_overflow_surrounded_room,
          kennysheep_doodads, minmay_misc_feat_tiny, serial_bayou_lake_a
D:7:      layout_loops_corners, mainiacjoe_overflow_alcove_4
D:8:      minmay_slanted_spiral_squares, layout_cave_pools, dpeg_oklobed_lair,
          gammafunk_ghost_split, grunt_ministairs_10, kennysheep_windowed_goal
D:9:      gammafunk_the_bubble [the_bubble_gammafunk_split], layout_basic,
          nicolae_hepliaklqana_hippocampus, okawaru_gym_becter, uniq_maggie,
          uniq_grum
D:10:     layout_cross, erik_orc_4, uniq_joseph
Temple:   eino_temple_scatter_basement
Lair:1:   layout_cave_pods, serial_bayou_shore_a, lemuel_fruit_fields,
          lemuel_fruit_fields
Lair:2:   layout_small_grid, elwin_shoals_entry_rocks,
          nicolae_volcano_entry_two_sided, grunt_megastairs_2
Volcano:  volcano_grotto [vgs_hot_hot_hot]

Skill      XL: |  1  2  3  4  5  6  7  8  9 10 11 |
---------------+----------------------------------+-----
Earth Magic    | 4 5 6 8 10 12 | 12.0
Dodging        | 2 3 4 |  4.7
Armour         | 1 2 3 4 7 |  7.3
Conjurations   | 1 2 3 4 5 6 |  6.0
Spellcasting   | 3 |  3.0
Stealth        | 3 |  3.8
Ranged Weapons | 2 4 6 9 |  9.8
Fighting       | 1 2 3 5 |  5.8
Transmutations | 1 2 |  2.0
Evocations     | 2 4 |  4.0
Maces & Flails | |  0.3

Action                     |  1- 3 |  4- 6 |  7- 9 | 10-12 || total
---------------------------+-------+-------+-------+-------++-------
  Melee: Staff             |     9 |       |       |       ||     9
         Short sword       |     1 |       |       |       ||     1
         Whip              |     1 |    10 |       |       ||    11
         Dagger            |       |     8 |     7 |       ||    15
   Fire: Sling             |       |       |    76 |    84 ||   160
   Cast: Sandblast         |    37 |   109 |   141 |   120 ||   407
         Stone Arrow       |       |       |    24 |    52 ||    76
  Evoke: Condenser vane    |       |       |       |     1 ||     1
    Use: Scroll            |       |       |    11 |     5 ||    16
         Potion            |       |       |       |     2 ||     2
   Stab: Sleeping          |     1 |       |     2 |       ||     3
 Armour: Robe              |     3 |       |       |       ||     3
         Leather armour    |     3 |    63 |    54 |       ||   120
         Ring mail         |       |       |    17 |   106 ||   123
  Dodge: Dodged            |    18 |    79 |    52 |   164 ||   313
